 Dungeon Crawl Stone Soup version 0.29.1-15-g9cfb28693d (webtiles) character file.

Game seed: 12066875960425444312

197 protoss039 the Digger (level 5, 0/39 HPs)
             Began as a Demonspawn Earth Elementalist on Mar 14, 2023.
             Slain by an orc
             ... wielding a +0 trident
              (8 damage)
             ... on level 3 of the Dungeon.
             The game lasted 00:03:19 (3736 turns).

protoss039 the Digger (DsEE)                        Turns: 3736, Time: 00:03:20

Health: 0/39       AC:  5    Str:  8    XL:     5   Next: 46%
Magic:  7/9        EV: 12    Int: 19    God:
Gold:   137        SH:  0    Dex: 19    Spells: 4/10 levels left

rFire   . . .      SeeInvis .   j - +2 dagger (venom)
rCold   . . .      Faith    .   (no shield)
rNeg    . . .      Spirit   .   n - +0 ring mail
rPois   .          Reflect  .   (no helmet)
rElec   .          Harm     .   (no cloak)
rCorr   .          Rampage  .   (no gloves)
Will    .....                   (no boots)
Stlth   ++........              (no amulet)
HPRegen 0.13/turn               e - +6 ring of dexterity
MPRegen 0.22/turn               (no ring)

@: no status effects
A: magic regeneration, sturdy frame 2
a: no special abilities


You were on level 3 of the Dungeon.
You visited 1 branch of the dungeon, and saw 3 of its levels.

You collected 137 gold pieces.

Inventory:

Hand Weapons
 j - a +2 dagger of venom (weapon)
 u - a +1 short sword of electrocution
Armour
 n - a +0 ring mail (worn)
Jewellery
 e - a +6 ring of dexterity (left hand)
 t - a ring of see invisible
Scrolls
 c - a scroll of poison {unknown}
 d - 2 scrolls of identify {unknown}
 f - 2 scrolls of teleportation {unknown}
 g - 2 scrolls of amnesia {unknown}
 k - a scroll of summoning {unknown}
 o - a scroll of fog {unknown}
 r - a scroll of magic mapping {unknown}
Potions
 a - 2 potions of invisibility {unknown}
 b - a potion of magic
 h - a potion of lignification {unknown}
 i - 2 potions of curing {unknown}
 l - a potion of might {unknown}
 m - a potion of haste {unknown}
 p - a potion of heal wounds {unknown}
 q - a potion of attraction {unknown}
 s - a potion of cancellation {unknown}


   Skills:
 + Level 2.3 Fighting
 * Level 1.6 Armour
 - Level 1.7 Dodging
 - Level 1.7 Stealth
 + Level 3.1 Spellcasting
 + Level 1.2 Conjurations
 - Level 0.8 Transmutations
 + Level 3.7 Earth Magic


You had 4 spell levels left.
You knew the following spells:

 Your Spells              Type           Power      Damage    Failure   Level
a - Sandblast             Erth           34%        2d9       4%          1
b - Passwall              Tmut/Erth      9%         N/A       11%         2
c - Stone Arrow           Conj/Erth      24%        3d8       21%         3

Your spell library contained the following spells:

 Spells                   Type           Power      Damage    Failure   Level
 Apportation              Tloc           4%         N/A       19%         1
 Necrotise                Necr           8%         1d4       19%         1
 Summon Small Mammal      Summ           8%         N/A       19%         1
 Petrify                  Tmut/Erth      11%        N/A       56%         4
 Animate Armour           Summ/Erth      20%        N/A       63%         4
 Lehudib's Crystal Spear  Conj/Erth      6%         10d3      100%        8


Dungeon Overview and Level Annotations

Branches:
Dungeon (3/15) Zot: 14235

Altars:


Innate Abilities, Weirdness & Mutations

You regenerate magic rapidly.
Your movements are less encumbered by armour. (ER -4)


Message History

Casting: Sandblast (safe; 4% risk of failure)
Confirm with . or Enter, or press ? or * to list all spells.
Aiming: Sandblast (safe; 4% risk of failure)
Press: ? - help, Shift-Dir - straight line, f - orc
Aim: an orc, wielding a +0 trident and wearing a +0 scale mail (84% to hit)
The blast of sand hits something!
The orc hits you but does no damage. Something hits you but does no damage.
The orc hits you from afar with a +0 trident.
Unknown command.
Casting: Sandblast (safe; 4% risk of failure)
Confirm with . or Enter, or press ? or * to list all spells.
Aiming: Sandblast (safe; 4% risk of failure)
Press: ? - help, Shift-Dir - straight line, f/p - orc
Aim: an orc, wielding a +0 trident and wearing a +0 scale mail (84% to hit)
The blast of sand hits the orc.
The orc is severely wounded.
Something hits you. The orc hits you with a +0 mace. The orc misses you.
Unknown command.
Casting: Sandblast (safe; 4% risk of failure)
Confirm with . or Enter, or press ? or * to list all spells.
Aiming: Sandblast (safe; 4% risk of failure)
Press: ? - help, Shift-Dir - straight line, f/p - orc
Aim: an orc, wielding a +0 trident and wearing a +0 scale mail (84% to hit)
The blast of sand hits the orc.
You kill the orc!
The orc closely misses you. Something hits you. The orc misses you.
Something hits you.
You hear some strange, mumbled words.
A puff of flame appears from out of thin air!
The puff of flame hits you. The orc hits you with a +0 trident.
* * * LOW HITPOINT WARNING * * *
Things that are here:
a +0 mace; a +0 leather armour; an orc corpse Unknown command.
You hit the orc but do no damage.
The orc is poisoned.
Something hits you but does no damage. The orc closely misses you.
Unknown command.
You hit something but do no damage. Something hits you but does no damage.
The orc hits you with a +0 trident!
You die...

#.)#...#.# ..... ..#
#..†#....##.#....### ###..#
###.....####.# #...<##....#
.............###.##...o.#
#................#####.......
#.#.##.....###... .........
....#.....## #.###...###....
..#....#./## ##.#<..# ###
....##.##..###.o@{###
.#####.##......#### #
#.#.......# #...###.))# .....
##........ . ####. ##...###.
. ## #.#..# .. #.##.# ## #.#
.#


You could see an orc (very poisoned).

Vanquished Creatures
  3 orc priests (D:3)
  An orc wizard (D:2)
  An adder (D:2)
  5 worms
  A dart slug (D:1)
  3 orcs
  3 endoplasms
  A giant cockroach (D:1)
  9 goblins
  5 hobgoblins
  6 kobolds
  3 quokkas
  5 ball pythons
  2 bats
  11 frilled lizards
  A rat (D:1)
60 creatures vanquished.

Vanquished Creatures (others)
  5 plants (D:1)
5 creatures vanquished.

Grand Total: 65 creatures vanquished

Notes
Turn   | Place    | Note
-------+----------+-------------------------------------------
     0 | D:1      | protoss039 the Demonspawn Earth Elementalist began the
                  | quest for the Orb.
     0 | D:1      | Reached XP level 1. HP: 13/13 MP: 3/3
   512 | D:1      | Gained mutation: You regenerate magic rapidly. [demonic
                  | ancestry]
   512 | D:1      | Reached XP level 2. HP: 18/20 MP: 0/5
   676 | D:1      | Reached skill level 1 in Fighting
  1447 | D:1      | Reached XP level 3. HP: 17/26 MP: 6/6
  1684 | D:1      | Learned a level 2 spell: Passwall
  3100 | D:2      | Learned a level 3 spell: Stone Arrow
  3269 | D:3      | Gained mutation: Your movements are slightly less
                  | encumbered by armour. (ER -2) [demonic ancestry]
  3269 | D:3      | Reached XP level 4. HP: 23/33 MP: 4/8
  3383 | D:3      | Reached skill level 1 in Armour
  3419 | D:2      | Reached skill level 1 in Conjurations
  3419 | D:2      | Gained mutation: Your movements are less encumbered by
                  | armour. (ER -4) [demonic ancestry]
  3419 | D:2      | Reached XP level 5. HP: 11/38 MP: 9/9
  3736 | D:3      | Slain by an orc

Illustrated notes

Levels and vault maps discovered:
D:1:      tarquinn_simple_flora_water_f, layout_rooms, minmay_lizard_king
D:2:      layout_basic, minmay_indecisive_spiral
D:3:      layout_rooms, lemuel_doored_altar, corexii_item_surrounded_by_moat

Skill      XL: |  1  2  3  4 |
---------------+-------------+-----
Fighting       | 1 2 |  2.3
Earth Magic    | 3 |  3.7
Armour         | 1 |  1.6
Spellcasting   | 3 |  3.1
Conjurations   | 1 |  1.2
Dodging        | |  1.7
Stealth        | |  1.7
Transmutations | |  0.8

Action                   |  1- 3 |  4- 6 || total
-------------------------+-------+-------++-------
Melee: Falchion          |    33 |       ||    33
       Punch             |     1 |     1 ||     2
       Dagger            |    76 |    35 ||   111
 Cast: Sandblast         |    18 |    16 ||    34
 Stab: Sleeping          |     1 |       ||     1
Armor: Robe              |     6 |       ||     6
       Ring mail         |    21 |    27 ||    48
Dodge: Dodged            |    68 |    22 ||    90
